 Dungeon Sprint DCSS version 0.29.1-4-g47bece8355 (webtiles) character file.

Game seed: 11526109989619548863

9874 Groucho the Ninja (level 11, 62/62 HPs)
             Began as a Felid Berserker on Dec 11, 2022.
             Was a High Priest of Trog.
             Got out of the dungeon alive.
             The game lasted 00:14:08 (4037 turns).

Groucho the Ninja (Felid Berserker)                 Turns: 4037, Time: 00:14:09

Health: 62/62      AC:  3    Str: 10    XL:     11   Next: 28%
Magic:  10/10      EV: 41    Int:  9    God:    Trog [*****.]
Gold:   1942       SH:  0    Dex: 26    Spells: 10/10 levels left
                                        Lives:  1   Deaths: 2

rFire   + . .      SeeInvis +     - Unarmed
rCold   + . .      Faith    .   (shield unavailable)
rNeg    . . .      Spirit   .   (body armour unavailable)
rPois   +          Reflect  .   (helmet unavailable)
rElec   .          Harm     .   (cloak unavailable)
rCorr   .          Rampage  .   (gloves unavailable)
Will    +....      NoTele   +   (boots unavailable) Stlth **++++++++
                                (no amulet)
HPRegen 0.20/turn               j - ring "Fuizxaa" {rPois rC+ Dex+2 Stlth+}
MPRegen 0.12/turn               n - ring of Balance {Fire Str-3 Dex+4 Slay+3 Stlth+}

@: quick
A: very small, claws 1, fangs 3, see invisible, speed 1, shaggy fur 3, stealthy
paws, no weapons or thrown items, no armour, multi-lived, low MP 1
a: Renounce Religion, Berserk, Trog's Hand, Brothers in Arms


You escaped.
You worshipped Trog.
Trog was extremely pleased with you.
You visited 1 branch You collected 3061 gold pieces.
You spent 1119 gold pieces at shops.

Inventory:

Jewellery
 b - the ring of Tuokkun {rC+ rN+ Str+2 Int+4 Dex-5}
   (You found it in the Dungeon)

   [ring of positive energy]

   Str:       It affects your strength (+2).
   Int:       It affects your intelligence (+4).
   Dex:       It affects your dexterity (-5).
   rC:        It protects you from cold.
   rN:        It protects you from negative energy.
 j - the ring "Fuizxaa" (left paw) {rPois rC+ Dex+2 Stlth+}
   (You bought it in a shop in the Dungeon)

   [ring of protection from cold]

   Dex:       It affects your dexterity (+2).
   rC:        It protects you from cold.
   rPois:     It protects you from poison.
   Stlth:     It makes you more stealthy.
 n - the ring of Balance (right paw) {Fire Str-3 Dex+4 Slay+3 Stlth+}
   (You bought it in a shop in the Dungeon)

   [ring of fire]

   It enhances your fire magic.
   Str:       It affects your strength (-3).
   Dex:       It affects your dexterity (+4).
   Slay:      It affects your accuracy & damage with ranged weapons and melee
   (+3).
   rF:        It protects you from fire.
   rC:        It makes you vulnerable to cold.
   Stlth:     It makes you more stealthy.
Wands
 a - a wand of mindburst (13)
 s - a wand of iceblast (9)
Scrolls
 f - 3 scrolls of identify {unknown}
 i - a scroll of enchant weapon {unknown}
 l - a scroll of magic mapping {unknown}
 p - 2 scrolls of vulnerability {unknown}
 q - 4 scrolls of fear {unknown}
 r - a scroll of enchant armour {unknown}
 v - a scroll of butterflies {unknown}
Potions
 c - a potion of haste
 d - 2 potions of magic
 e - a potion of berserk rage
 g - a potion of degeneration {unknown}
 h - 2 potions of resistance {unknown}
 k - 2 potions of flight
 m - 4 potions of lignification {unknown}
 o - 2 potions of curing
 t - a potion of heal wounds
 u - a potion of mutation {unknown}


   Skills:
 + Level 15.8 Fighting
 + Level 20.1 Dodging
 O Level 27 Stealth
 + Level 15.8 Unarmed Combat


You had 10 spell levels left.
You didn't know any spells.
Your spell library was empty.

Dungeon Overview and Level Annotations

Branches:
Dungeon (1/1)

Altars:
Cheibriados
Dithmenos
Elyvilon
Fedhas
Gozag
Hepliaklqana
Kikubaaqudgha
Makhleb
Nemelex Xobeh
Okawaru
Qazlal
Ru
Sif Muna
Trog
Uskayaw
Vehumet
Wu Jian
Xom
Yredelemnul
Zin
The Shining One
Jiyva
Lugonu

Shops:
D *!*(*=!!=[*=!??[((![!(


Innate Abilities, Weirdness & Mutations

You have sharp claws.
You have razor-sharp teeth.
You have supernaturally acute eyesight. (SInv)
You cover ground quickly. (Speed+)
Your thick and shaggy fur keeps you warm. (AC +3, rC+)
Your paws help you pounce on unaware monsters.
You are incapable of wielding weapons or throwing items.
You cannot wear armour.
You gain extra lives every three experience levels.
Your magical capacity is low. (-10% MP)


Message History

The merfolk siren is engulfed in a cloud of scalding steam.
The merfolk siren dies!
You see here a +0 spear.
You see here a +0 spear.
There is an open door here.
There is an open door here.
The deep elf annihilator casts a spell at you.
The poison arrow misses you.
There is an open door here.
There is an open door here.
You see here a +0 spear.
You start resting.
HP restored.
You start waiting.
Done waiting.
There is an open door here.
There is an open door here.
There is an open door, spattered with blood here.
There is an open door, spattered with blood here.
There is an open door here.
There is an open door here.
Things that are here:
a +0 dagger; a +0 robe
There is an open door here.
There is an open door here.
There is an open door here.
There is an open door here.
Things that are here:
a +0 scythe of protection; a +0 robe
There is an open door here.
You see here a +0 giant spiked club.
There is an open door here.
There is an open door, spattered with blood here.
Things that are here:
a +0 club; a +0 leather armour
There is a staircase leading out of the dungeon here.
Are you sure you want to leave the Dungeon?
This will make you lose the game!
Alright, then stay!
Are you sure you want to leave the Dungeon?
This will make you lose the game!
You have escaped!

##################
#@.#..'..#.)'..#__
#..)..#.)'..#..'..
#..#####'#####'#__
#..####..#...#.###
#..#__####..##.#§§
#..#_____##'#_.'§§
#⌠⌠#_.∩...'..._#§§
####_..__##_.#'##+
#_____###'#)#..


There were no monsters in sight!

Vanquished Creatures
  A golden dragon (D)
  A shadow dragon (D)
  A fire giant (D)
  A hydra (D)
  2 centaur warriors (D)
  Sonja (D)
  A deep troll (D)
  An oklob plant (D)
  A lindwurm (D)
  A merfolk siren (D)
  7 unseen horrors (D)
  A hellwing (D)
  A hornet (D)
  A slime creature (D)
  Sigmund (D)
  A yak (D)
  13 hogs (D)
  2 redbacks (D)
  2 floating eyes (D)
  An ogre (D)
  7 necrophages (D)
  8 jellies (D)
  Ijyb (D)
57 creatures vanquished.

Vanquished Creatures (collateral kills)
  3 fire giants (D)
  A lorocyproca (D)
  8 shining eyes (D)
  A gargoyle (D)
  4 demonic crawlers (D)
  2 kobold demonologists (D)
  5 floating eyes (D)
24 creatures vanquished.

Vanquished Creatures (others)
  A merfolk siren (D)
  2 ballistomycete spores (D)
3 creatures vanquished.

Grand Total: 84 creatures vanquished

Notes
Turn   | Place    | Note
-------+----------+-------------------------------------------
     0 | D        | Groucho the Felid Berserker began the quest for the Orb.
     0 | D        | Reached XP level 1. HP: 10/10 MP: 2/2
     2 | D        | Noticed Ijyb
    13 | D        | Killed Ijyb
    14 | D        | Reached skill level 8 in Stealth
    14 | D        | Reached XP level 2. HP: 13/14 MP: 3/3
   436 | D        | Noticed an ogre
   439 | D        | Killed an ogre
   440 | D        | Reached skill level 13 in Stealth
   440 | D        | Reached XP level 3. HP: 17/17 MP: 4/4
   440 | D        | Reached XP level 4. HP: 21/21 MP: 5/5
   453 | D        | Noticed Sigmund
   461 | D        | Killed Sigmund
   461 | D        | Reached ** piety under Trog
   462 | D        | Reached skill level 17 in Stealth
   462 | D        | Reached XP level 5. HP: 21/24 MP: 6/6
   462 | D        | Gained mutation: You are covered in thick fur. (AC +2)
                  | [Felid growth]
   462 | D        | Reached XP level 6. HP: 25/28 MP: 7/7
   683 | D        | Found a shimmering blue altar of Sif Muna.
   684 | D        | Found an ornate altar of the Wu Jian Council.
   685 | D        | Found a radiant altar of Vehumet.
   691 | D        | Found Dymin's Antique Weapon Emporium.
   691 | D        | Found an ancient bone altar of Kikubaaqudgha.
   691 | D        | Found a hazy altar of Hepliaklqana.
   691 | D        | Found a stormy altar of Qazlal.
   691 | D        | Found a hide-covered altar of Uskayaw.
   691 | D        | Found a blossoming altar of Fedhas.
   691 | D        | Found a bloodstained altar of Trog.
   691 | D        | Found an iron altar of Okawaru.
   691 | D        | Found a basalt altar of Yredelemnul.
   691 | D        | Found a glowing golden altar of the Shining One.
   691 | D        | Found a snail-covered altar of Cheibriados.
   691 | D        | Found a sacrificial altar of Ru.
   691 | D        | Found a glowing silver altar of Zin.
   691 | D        | Found a shadowy altar of Dithmenos.
   691 | D        | Found a white marble altar of Elyvilon.
   691 | D        | Noticed a yak
   692 | D        | Found an opulent altar of Gozag.
   693 | D        | Killed a yak
   694 | D        | Reached skill level 19 in Stealth
   694 | D        | Found a sparkling altar of Nemelex Xobeh.
   735 | D        | Found a burning altar of Makhleb.
   735 | D        | Found a shimmering altar of Xom.
   735 | D        | Noticed a slime creature
   736 | D        | Found a viscous altar of Jiyva.
   736 | D        | Found a corrupted altar of Lugonu.
   738 | D        | Killed a slime creature
   739 | D        | Reached skill level 21 in Stealth
   739 | D        | Reached XP level 7. HP: 31/31 MP: 8/8
   745 | D        | Noticed a centaur warrior
   751 | D        | Noticed a centaur warrior
   752 | D        | Killed a centaur warrior
   752 | D        | Reached *** piety under Trog
   753 | D        | Reached skill level 5 in Fighting
   753 | D        | Reached skill level 22 in Stealth
   753 | D        | Reached skill level 5 in Unarmed Combat
   753 | D        | Reached XP level 8. HP: 37/37 MP: 9/9
   753 | D        | Killed a centaur warrior
   762 | D        | Noticed a hornet
   765 | D        | Killed a hornet
   766 | D        | Reached XP level 9. HP: 43/43 MP: 10/10
   776 | D        | Noticed an oklob plant
   785 | D        | Killed an oklob plant
   786 | D        | Reached skill level 10 in Dodging
   786 | D        | Reached skill level 23 in Stealth
  1070 | D        | Reached **** piety under Trog
  1099 | D        | Noticed an unseen horror
  1100 | D        | Noticed an unseen horror
  1106 | D        | Killed an unseen horror
  1108 | D        | Killed an unseen horror
  1112 | D        | Reached ***** piety under Trog
  1748 | D        | Reached ****** piety under Trog
  1763 | D        | Reached XP level 10. HP: 43/49 MP: 11/11
  1775 | D        | Identified the ring of Tuokkun {rC+ rN+ Str+2 Int+4 Dex-5}
  1794 | D        | Found Wuacoet's Distillery.
  1794 | D        | Found Niedd's Distillery.
  1794 | D        | Found Latuawka's Jewellery Boutique.
  1796 | D        | Found Tuskiecs's Antique Armour Emporium.
  1796 | D        | Found Jongim's Assorted Antiques.
  1796 | D        | Found Wavvigoh's Jewellery Shoppe.
  1796 | D        | Found Puxoas's Distillery.
  1796 | D        | Found Izim's Magic Scroll Emporium.
  1796 | D        | Found Citiod's Magic Scroll Shop.
  1796 | D        | Found Qyoraah's Armour Shoppe.
  1800 | D        | Bought the ring "Fuizxaa" {rPois rC+ Dex+2 Stlth+} for 561
                  | gold pieces
  1800 | D        | Found Woizuiliec's Weapon Boutique.
  1801 | D        | Found Nusulex's Distillery.
  1801 | D        | Found Xyjaitel's Weapon Boutique.
  1802 | D        | Found Tantix's Distillery.
  1854 | D        | Bought a potion of flight for 30 gold pieces
  1858 | D        | Bought a potion of flight for 33 gold pieces
  1900 | D        | Noticed a deep troll
  1902 | D        | Killed a deep troll
  1903 | D        | Reached skill level 24 in Stealth
  1914 | D        | Found Qinus's Armour Emporium.
  1929 | D        | Noticed Sonja
  1932 | D        | Killed Sonja
  1933 | D        | Reached skill level 10 in Fighting
  1933 | D        | Reached skill level 10 in Unarmed Combat
  2010 | D        | Found Maehasan's General Store.
  2057 | D        | Paralysed by a floating eye for 4 turns
  2073 | D        | Noticed a gargoyle
  2079 | D        | Killed a gargoyle
  2080 | D        | Reached skill level 25 in Stealth
  2378 | D        | Noticed a lindwurm
  2382 | D        | Killed a lindwurm
  2415 | D        | Noticed a lorocyproca
  2461 | D        | Killed a lorocyproca
  2462 | D        | Reached skill level 15 in Dodging
  2462 | D        | Reached XP level 11. HP: 57/57 MP: 12/12
  2630 | D        | Killed from afar by a meliai
  2631 | D        | Reached XP level 10. HP: -1/53 MP: 11/11
  2839 | D        | Noticed a 12-headed hydra
  2841 | D        | Killed a 12-headed hydra
  2842 | D        | Reached skill level 26 in Stealth
  2920 | D        | Bought the ring of Balance {Fire Str-3 Dex+4 Slay+3 Stlth+}
                  | for 495 gold pieces
  3041 | D        | Noticed a golden dragon
  3041 | D        | Noticed a shadow dragon
  3043 | D        | Found the +3 robe of Clouds {*Thunder rCloud rElec}
  3045 | D        | Killed a shadow dragon
  3047 | D        | Killed a golden dragon
  3048 | D        | Reached XP level 11. HP: 58/58 MP: 12/12
  3112 | D        | Found Oboatula's Antique Weapon Shoppe.
  3212 | D        | Noticed a shining eye
  3212 | D        | Noticed a shining eye
  3212 | D        | Noticed a shining eye
  3212 | D        | Noticed a shining eye
  3212 | D        | Noticed a shining eye
  3212 | D        | Noticed a shining eye
  3213 | D        | Gained mutation: Your magical capacity is low. (-10% MP) [a
                  | shining eye]
  3214 | D        | Killed a shining eye
  3215 | D        | Killed a shining eye
  3215 | D        | Paralysed by a floating eye for 3 turns
  3216 | D        | Killed a shining eye
  3216 | D        | Killed a shining eye
  3217 | D        | Reached skill level 27 in Stealth
  3217 | D        | Noticed a shining eye
  3219 | D        | Killed a shining eye
  3219 | D        | Killed a shining eye
  3220 | D        | Noticed a shining eye
  3220 | D        | Killed a shining eye
  3222 | D        | Killed a shining eye
  3233 | D        | Found Ovo Econ's Distillery.
  3233 | D        | Found Yngor's General Store.
  3233 | D        | Found Cafegolinu's Assorted Antiques.
  3233 | D        | Found Leosoleik's Jewellery Boutique.
  3318 | D        | Noticed a daeva
  3583 | D        | Noticed a fire giant
  3586 | D        | Noticed a fire giant
  3587 | D        | Noticed a fire giant
  3588 | D        | Noticed a fire giant
  3590 | D        | Killed a fire giant
  3591 | D        | Reached skill level 15 in Fighting
  3591 | D        | Reached skill level 15 in Unarmed Combat
  3603 | D        | Killed a fire giant
  3604 | D        | Gained mutation: Your thick and shaggy fur keeps you warm.
                  | (AC +3, rC+) [Felid growth]
  3604 | D        | Reached XP level 12. HP: 66/66 MP: 11/11
  3607 | D        | Killed a fire giant
  3618 | D        | Killed a fire giant
  3753 | D        | Noticed a deep elf annihilator
  3756 | D        | Killed from afar by a deep elf annihilator
  3757 | D        | Reached XP level 11. HP: -4/62 MP: 10/10
  4037 | D        | Got out of the dungeon alive.

Illustrated notes

Levels and vault maps discovered:
D:        dungeon_sprint_1 [red_sonja_temple_1, red_sonja_temple_small_1]

Skill      XL: |  1  2  3  4  5  6  7  8  9 10 11 12 |
---------------+-------------------------------------+-----
Stealth        | 8 13 17 21 22 23 26 27 | 27.0
Fighting       | 5 7 9 13 15 | 15.8
Dodging        | 7 9 12 17 19 20 | 20.1
Unarmed Combat | 5 7 9 13 15 | 15.8

Action                   |  1- 3 |  4- 6 |  7- 9 | 10-12 || total
-------------------------+-------+-------+-------+-------++-------
Melee: Unarmed           |     8 |     7 |    58 |    99 ||   172
       Bite              |     1 |       |     3 |    18 ||    22
       Punch             |       |       |     1 |     7 ||     8
Invok: Berserk           |     1 |     1 |     2 |     1 ||     5
       Trog's Hand       |       |       |     2 |     2 ||     4
       Brothers in Arms  |       |       |       |    17 ||    17
  Use: Potion            |     1 |       |     1 |     1 ||     3
       Scroll            |       |       |     1 |       ||     1
 Stab: Sleeping          |     1 |     3 |    12 |    14 ||    30
Armor: Skin              |       |       |     1 |     2 ||     3
Dodge: Dodged            |     4 |     2 |    30 |    86 ||   122
